| TOP OF THE 1ST |
|---|
| Baltimore Orioles batting - Pitching for Minnesota Twins : LHP Tom Hall | | Pitching: LHP Tom Hall | | | Batting: RHB Don Baylor | 0-0: Called Strike 0-1: Fly out, F6 (Line Drive, 6) | | Batting: RHB Davey Johnson | 0-0: Ball 1-0: Ball 2-0: Called Strike 2-1: SINGLE (Flyball, 9LM) | | Batting: RHB Ron Cey | 0-0: Called Strike 0-1: Foul Ball, location: 2F 0-2: Ball 1-2: Fly out, F7 (Flyball, 7S) | | Batting: LHB Boog Powell | 0-0: Ball 1-0: Swinging Strike 1-1: Foul Ball, location: 2F 1-2: Foul Ball, location: 2F 1-2: Ground out U3 (Groundball, 3L) | | Top of the 1st over - 0 runs, 1 hit, 0 errors, 1 left on base; Baltimore 0 - Minnesota 0 | | BOTTOM OF THE 1ST |
|---|
| Minnesota Twins batting - Pitching for Baltimore Orioles : LHP Dave McNally | | Pitching: LHP Dave McNally | | | Batting: LHB Rod Carew | 0-0: Swinging Strike 0-1: Ground out U3 (Groundball, 3) | | Batting: RHB Steve Brye | 0-0: Called Strike 0-1: SINGLE (Groundball, 6MD) | | Batting: LHB Tony Oliva | 0-0: DOUBLE (Flyball, 78D) Steve Brye to third | | Batting: RHB Harmon Killebrew | 0-0: Ball 1-0: Called Strike 1-1: Ball 2-1: Foul Ball, location: 2F 2-2: Foul Ball, location: 2F 2-2: Strikes out swinging | | Batting: LHB Matty Alou | 0-0: Ball 1-0: Called Strike 1-1: Ball 2-1: Called Strike 2-2: Strikes out swinging | | Bottom of the 1st over - 0 runs, 2 hits, 0 errors, 2 left on base; Baltimore 0 - Minnesota 0 | | TOP OF THE 2ND |
|---|
| Baltimore Orioles batting - Pitching for Minnesota Twins : LHP Tom Hall | | Batting: RHB Bobby Grich | 0-0: Ball 1-0: Swinging Strike 1-1: Swinging Strike 1-2: Ball 2-2: Ball 3-2: Base on Balls | | Batting: LHB Dave May | 0-0: Foul Ball, location: 2F 0-1: Called Strike 0-2: Ball 1-2: Foul Ball, location: 2F 1-2: SINGLE (Groundball, 4MD) Bobby Grich to second Runner from 2nd tries for 3rd, SAFE, throw made to third | | Batting: RHB Lamar Johnson | 0-0: Called Strike 0-1: Ball 1-1: Called Strike 1-2: Ball 2-2: Strikes out swinging | | Batting: RHB Paul Blair | 0-0: Fly out, F7 (Flyball, 7LS) Runner from 3rd tags up, SCORES, no throw | | Batting: RHB Dave McNally | 0-0: Called Strike 0-1: Ball 1-1: Foul Ball, location: 2F 1-2: Ball 2-2: Foul Ball, location: 2F 2-2: Strikes out swinging | | Top of the 2nd over - 1 run, 1 hit, 0 errors, 1 left on base; Baltimore 1 - Minnesota 0 | | BOTTOM OF THE 2ND |
|---|
| Minnesota Twins batting - Pitching for Baltimore Orioles : LHP Dave McNally | | Batting: RHB Danny Thompson | 0-0: Ball 1-0: Called Strike 1-1: Ball 2-1: Ground out 5-3 (Groundball, 56S) | | Batting: LHB Cesar Geronimo | 0-0: Swinging Strike 0-1: Swinging Strike 0-2: Ball 1-2: Ball 2-2: Strikes out swinging | | Batting: RHB Rick Dempsey | 0-0: Swinging Strike 0-1: Ball 1-1: Ball 2-1: Bunted foul 2-2: Ball 3-2: Fly out, F2 (Popup, 2LF) | | Bottom of the 2nd over - 0 runs, 0 hits, 0 errors, 0 left on base; Baltimore 1 - Minnesota 0 | | TOP OF THE 3RD |
|---|
| Baltimore Orioles batting - Pitching for Minnesota Twins : LHP Tom Hall | | Batting: RHB Don Baylor | 0-0: Ball 1-0: Fly out, F8 (Flyball, 8RS) | | Batting: RHB Davey Johnson | 0-0: Ball 1-0: Ground out 4-3 (Groundball, 4) | | Batting: RHB Ron Cey | 0-0: Ball 1-0: Ball 2-0: SINGLE (Flyball, 3D) | | Batting: LHB Boog Powell | 0-0: Ball Pickoff Throw to First - Error! E1 Ron Cey to second 1-0: Swinging Strike 1-1: Fly out, F8 (Line Drive, 8LM) | | Top of the 3rd over - 0 runs, 1 hit, 1 error, 1 left on base; Baltimore 1 - Minnesota 0 | | BOTTOM OF THE 3RD |
|---|
| Minnesota Twins batting - Pitching for Baltimore Orioles : LHP Dave McNally | | Batting: LHB Tom Hall | 0-0: SINGLE (Groundball, 4MD) | | Batting: LHB Rod Carew | 0-0: Ball 1-0: Bunted foul 1-1: Bunted foul 1-2: Ball 2-2: Ball 3-2: Foul Ball, location: 2F 3-2: Fly out, F7 (Flyball, 78M) | | Batting: RHB Steve Brye | 0-0: Ball 1-0: Swinging Strike 1-1: Ball 2-1: Ball 3-1: Foul Ball, location: 2F 3-2: 2-RUN HOME RUN (Flyball, 7LD), Distance : 386 ft | | Batting: LHB Tony Oliva | 0-0: Ball 1-0: Called Strike 1-1: Ball 2-1: Ball 3-1: Base on Balls | | Batting: RHB Harmon Killebrew | 0-0: Ball 1-0: Called Strike 1-1: Called Strike 1-2: Ground out 5-3 (Groundball, 56S) Tony Oliva to second | | Batting: LHB Matty Alou | 0-0: Ground out 4-3 (Groundball, 4) | | Bottom of the 3rd over - 2 runs, 2 hits, 0 errors, 1 left on base; Baltimore 1 - Minnesota 2 | | TOP OF THE 4TH |
|---|
| Baltimore Orioles batting - Pitching for Minnesota Twins : LHP Tom Hall | | Batting: RHB Bobby Grich | 0-0: SINGLE (Groundball, 6MD) | | Batting: LHB Dave May | 0-0: Ball 1-0: Foul Ball, location: 2F 1-1: Grounds into double play, 4-6-3 (Groundball, 4) | | Batting: RHB Lamar Johnson | 0-0: Ball 1-0: Foul Ball, location: 2F 1-1: Foul Ball, location: 2F 1-2: Ball 2-2: Foul Ball, location: 2F 2-2: Foul Ball, location: 2F 2-2: Strikes out swinging | | Top of the 4th over - 0 runs, 1 hit, 0 errors, 0 left on base; Baltimore 1 - Minnesota 2 | | BOTTOM OF THE 4TH |
|---|
| Minnesota Twins batting - Pitching for Baltimore Orioles : LHP Dave McNally | | Batting: RHB Danny Thompson | 0-0: Ground out 6-3 (Groundball, 6M) | | Batting: LHB Cesar Geronimo | 0-0: Ball 1-0: SINGLE (Groundball, 5D) | | Batting: RHB Rick Dempsey | 0-0: SINGLE (Flyball, 89S) Cesar Geronimo to second Runner from 2nd tries for 3rd, SAFE, no throw | | Batting: LHB Tom Hall | 0-0: Bunted foul 0-1: Swinging Strike 0-2: Ball 1-2: Bunt - Flyout! F5 | | Batting: LHB Rod Carew | 0-0: Swinging Strike 0-1: Swinging Strike 0-2: Ball 1-2: Ball 2-2: Foul Ball, location: 2F 2-2: TRIPLE (Line Drive, 89XD) Cesar Geronimo scores Rick Dempsey scores | | Batting: RHB Steve Brye | 0-0: Ball 1-0: Foul Ball, location: 2F 1-1: Called Strike 1-2: Ball 2-2: SINGLE (Groundball, 6D) Rod Carew scores | | Batting: LHB Tony Oliva | 0-0: Ball 1-0: Swinging Strike 1-1: Ball 2-1: Ball 3-1: Called Strike 3-2: Foul Ball, location: 2F 3-2: SINGLE (Line Drive, 34) Steve Brye to second Steve Brye to third | | Batting: RHB Harmon Killebrew | 0-0: Foul Ball, location: 2F 0-1: Ball 1-1: Ball 2-1: Foul Ball, location: 2F 2-2: Foul Ball, location: 2F 2-2: Foul Ball, location: 2F 2-2: Fly out, F8 (Flyball, 8RXD) | | Bottom of the 4th over - 3 runs, 5 hits, 0 errors, 2 left on base; Baltimore 1 - Minnesota 5 | | TOP OF THE 5TH |
|---|
| Baltimore Orioles batting - Pitching for Minnesota Twins : LHP Tom Hall | | Batting: RHB Paul Blair | 0-0: Ground out 5-3 (Groundball, 56S) | | Batting: RHB Dave McNally | 0-0: Called Strike 0-1: Ball 1-1: Foul Ball, location: 2F 1-2: Strikes out looking | | Batting: RHB Don Baylor | 0-0: Called Strike 0-1: Ball 1-1: Called Strike 1-2: Strikes out swinging | | Top of the 5th over - 0 runs, 0 hits, 0 errors, 0 left on base; Baltimore 1 - Minnesota 5 | | BOTTOM OF THE 5TH |
|---|
| Minnesota Twins batting - Pitching for Baltimore Orioles : LHP Dave McNally | | Batting: LHB Matty Alou | 0-0: Ball 1-0: Called Strike 1-1: Called Strike 1-2: Fly out, F8 (Flyball, 8LD) | | Batting: RHB Danny Thompson | 0-0: Ball 1-0: Called Strike 1-1: Called Strike 1-2: Ball 2-2: SINGLE (Line Drive, 8LS) | | Batting: LHB Cesar Geronimo | 0-0: Grounds into double play, 6-4-3 (Groundball, 6) | | Bottom of the 5th over - 0 runs, 1 hit, 0 errors, 0 left on base; Baltimore 1 - Minnesota 5 | | TOP OF THE 6TH |
|---|
| Baltimore Orioles batting - Pitching for Minnesota Twins : LHP Tom Hall | | Batting: RHB Davey Johnson | 0-0: Ball 1-0: Ball 2-0: Foul Ball, location: 2F 2-1: Swinging Strike 2-2: Ball 3-2: Foul Ball, location: 2F 3-2: Strikes out swinging | | Batting: RHB Ron Cey | 0-0: Ball 1-0: Foul Ball, location: 2F 1-1: Swinging Strike 1-2: Ball 2-2: Foul Ball, location: 2F 2-2: Foul Ball, location: 2F 2-2: Strikes out looking | | Batting: LHB Boog Powell | 0-0: Ball 1-0: Foul Ball, location: 2F 1-1: Fly out, F8 (Flyball, 8RM) | | Top of the 6th over - 0 runs, 0 hits, 0 errors, 0 left on base; Baltimore 1 - Minnesota 5 | | BOTTOM OF THE 6TH |
|---|
| Minnesota Twins batting - Pitching for Baltimore Orioles : LHP Dave McNally | | Batting: RHB Rick Dempsey | 0-0: Ball 1-0: Ball 2-0: Ball 3-0: Called Strike 3-1: Base on Balls | | Batting: LHB Tom Hall | 0-0: Sac Bunt - play at first, batter OUT! 1-4 Rick Dempsey to second | | Batting: LHB Rod Carew | 0-0: Called Strike Rick Dempsey steals 3rd base 0-1: Called Strike 0-2: Ball 1-2: Foul Ball, location: 2F 1-2: Strikes out swinging | | Batting: RHB Steve Brye | 0-0: Foul Ball, location: 2F 0-1: Ball 1-1: Foul Ball, location: 2F 1-2: Strikes out swinging | | Bottom of the 6th over - 0 runs, 0 hits, 0 errors, 1 left on base; Baltimore 1 - Minnesota 5 | | TOP OF THE 7TH |
|---|
| Baltimore Orioles batting - Pitching for Minnesota Twins : LHP Tom Hall | | Batting: RHB Bobby Grich | 0-0: Ball 1-0: Ball 2-0: Fly out, F6 (Popup, 6) | | Batting: LHB Dave May | 0-0: Fly out, F7 (Flyball, 7D) | | Batting: RHB Lamar Johnson | 0-0: Called Strike 0-1: Ground out 5-3 (Groundball, 56S) | | Top of the 7th over - 0 runs, 0 hits, 0 errors, 0 left on base; Baltimore 1 - Minnesota 5 | | BOTTOM OF THE 7TH |
|---|
| Minnesota Twins batting - Pitching for Baltimore Orioles : LHP Dave McNally | | Batting: LHB Tony Oliva | 0-0: Swinging Strike 0-1: Ball 1-1: Ground out 6-3 (Groundball, 6S) | | Batting: RHB Harmon Killebrew | 0-0: Ball 1-0: Foul Ball, location: 2F 1-1: Foul Ball, location: 2F 1-2: Foul Ball, location: 2F 1-2: Foul Ball, location: 2F 1-2: Fly out, F9 (Flyball, 89M) | | Batting: LHB Matty Alou | 0-0: Foul Ball, location: 2F 0-1: Ball 1-1: Ball 2-1: Ground out 4-3 (Groundball, 4M) | | Bottom of the 7th over - 0 runs, 0 hits, 0 errors, 0 left on base; Baltimore 1 - Minnesota 5 | | TOP OF THE 8TH |
|---|
| Baltimore Orioles batting - Pitching for Minnesota Twins : LHP Tom Hall | | Batting: RHB Paul Blair | 0-0: Foul Ball, location: 2F 0-1: Ball 1-1: Ground out 5-3 (Groundball, 5) | | Pinch Hitting: RHB Dave Kingman | 0-0: Called Strike 0-1: Ball 1-1: Ball 2-1: Swinging Strike 2-2: Strikes out swinging | | Batting: RHB Don Baylor | 0-0: Foul Ball, location: 2F 0-1: Ground out 4-3 (Groundball, 4) | | Top of the 8th over - 0 runs, 0 hits, 0 errors, 0 left on base; Baltimore 1 - Minnesota 5 | | BOTTOM OF THE 8TH |
|---|
| Minnesota Twins batting - Pitching for Baltimore Orioles : LHP Dave McNally | | Pitching: RHP Al Dawson | | | Batting: RHB Danny Thompson | 0-0: Fly out, F8 (Line Drive, 78S) | | Batting: LHB Cesar Geronimo | 0-0: Ball 1-0: Swinging Strike 1-1: Foul Ball, location: 2F 1-2: Ball 2-2: Strikes out swinging | | Batting: RHB Rick Dempsey | 0-0: Ball 1-0: Foul Ball, location: 2F 1-1: Swinging Strike 1-2: Ball 2-2: Foul Ball, location: 2F 2-2: Foul Ball, location: 2F 2-2: Strikes out swinging | | Bottom of the 8th over - 0 runs, 0 hits, 0 errors, 0 left on base; Baltimore 1 - Minnesota 5 | | TOP OF THE 9TH |
|---|
| Baltimore Orioles batting - Pitching for Minnesota Twins : LHP Tom Hall | | Batting: RHB Davey Johnson | 0-0: Foul Ball, location: 2F 0-1: Called Strike 0-2: Ground out 5-3 (Groundball, 56S) | | Batting: RHB Ron Cey | 0-0: Called Strike 0-1: Foul Ball, location: 2F 0-2: Strikes out swinging | | Batting: LHB Boog Powell | 0-0: Ground out 6-3 (Groundball, 6D) | | Top of the 9th over - 0 runs, 0 hits, 0 errors, 0 left on base; Baltimore 1 - Minnesota 5 | |